 Dungeon Crawl Stone Soup version 0.31-a0-187-gba352fbbf7 (webtiles) character file.

Game seed: 3934251800593212951

67 qw the Shooter (level 3, -4/20 HPs)
             Began as a Deep Elf Hunter on June 22, 2023.
             Was an Initiate of Okawaru.
             Killed from afar by an orc wizard (6 damage)
             ... with a magic dart
             ... on level 3 of the Dungeon.
             The game lasted 00:00:39 (1774 turns).

qw the Shooter (Deep Elf Hunter)                    Turns: 1774, Time: 00:00:39

Health: -4/20      AC:  8    Str: 10    XL:     3   Next: 98%
Magic:  5/5        EV: 11    Int: 13    God:    Okawaru [......]
Gold:   30         SH:  0    Dex: 18    Spells: 2/2 levels left

rFire   . . .        Y - +0 shortbow
rCold   . . .        (shield currently unavailable)
rNeg    . . .        d - +0 ring mail
rPois   .            (no helmet)
rElec   .            (no cloak)
rCorr   .            (no gloves)
SInv    .            j - +2 pair of boots
Will    .....        (no amulet) Stlth
                     (no ring)
HPRegen 0.23/turn    (no ring)
MPRegen 0.09/turn

%: no passive effects
@: confused
A: no striking features
a: Renounce Religion


You were on level 3 of the Dungeon.
You worshipped Okawaru.
Okawaru was noncommittal.
You visited 1 branch of the dungeon, and saw 3 of its levels.

You collected 30 gold pieces.


   Skills:
 - Level 1.5 Fighting
 + Level 7.4 Ranged Weapons
 - Level 2.4 Dodging
 - Level 1.2 Stealth


You had 2 spell levels left.
You didn't know any spells.
Your spell library was empty.

Inventory:

Hand Weapons
 Y - a +0 shortbow (weapon)
Armour
 d - a +0 ring mail (worn)
 j - a +2 pair of boots (worn)
Scrolls
 a - a scroll of identify
 f - 2 scrolls of teleportation
Potions
 b - a potion of cancellation
 h - a potion of heal wounds {unknown}

Dungeon Overview and Level Annotations

Branches:
Dungeon (3/15)

Altars:
Okawaru


Message History

You shoot an arrow. The arrow hits the goblin.
You kill the goblin!
Okawaru accepts your kill.
f - 2 scrolls of teleportation (gained 1)
A rat comes into view.
You shoot an arrow. The arrow barely misses the rat.
You shoot an arrow. The arrow hits the rat.
You kill the rat!
Okawaru accepts your kill.
Found a rapier.
Found an escape hatch in the ceiling.
Found a stone staircase leading down.
An orc wizard and an orc priest come into view.
Found a scroll of enchant armour.
1762 ||| Stepping ~*~*~tactically~*~*~ (outnumbered).
1764 ||| Stepping ~*~*~tactically~*~*~ (outnumbered).
1766 ||| Stepping ~*~*~tactically~*~*~ (outnumbered).
You shoot an arrow. The arrow barely misses the orc wizard.
The orc wizard points at you and mumbles some strange words.
You are confused.
1769 ||| DRINKING potion of curing.
You feel better.
1769 ||| (to cure confusion)
A giant cockroach comes into view.
The orc wizard points at you and mumbles some strange words.
You are confused.
The orc priest miscasts a cantrip.
The orc wizard gestures at you while chanting.
You are more confused.
The orc wizard casts a spell at you. You resist with some effort.
The orc priest invokes the aid of Beogh against you.
Beogh smites you!
Ouch! That really hurt!
The orc wizard casts a spell at you. You resist with some effort.
The orc wizard hits you with a +0 dagger.
The orc priest begins to cast a cantrip, but forgets the words!
The orc wizard gestures at you while chanting.
The magic dart hits you.
You die...

#..#.. .....#.# #<.#.#
#..#.#.#
#..#.###..#.#.#
#..#........#.#
#..#......###.#
#....%........#
#....####.#######
#.......#.#.....)
#@...##.#........
.?....oo...........####
......B...#......###
..........#......#
..........#......#
.#######..#......#
#.......... .#####...##
.....


You could see an orc priest, an orc wizard and a giant cockroach.

Vanquished Creatures
  An adder (D:2)
  A worm (D:2)
  A dart slug (D:2)
  3 endoplasms
  4 giant cockroaches
  3 goblins
  2 hobgoblins
  12 jackals
  5 kobolds
  A quokka (D:2)
  2 ball pythons (D:1)
  2 bats
  A frilled lizard (D:1)
  7 rats
45 creatures vanquished.

Notes
Turn   | Place    | Note
-------+----------+-------------------------------------------
     0 | D:1      | qw the Deep Elf Hunter began the quest for the Orb.
     0 | D:1      | Reached XP level 1. HP: 12/12 MP: 3/3
     0 | D:1      | 0 ||| qw: Version: 0.3-a-9-g12657ce
     0 | D:1      | 0 ||| qw: Game counter: 2661
     0 | D:1      | 0 ||| qw: Always use a shield: true
     0 | D:1      | 0 ||| qw: God list: Okawaru
     0 | D:1      | 0 ||| qw: Allow faded altars: false
     0 | D:1      | 0 ||| qw: Do Orc after D:15 true
     0 | D:1      | 0 ||| qw: Do second Lair branch before Depths: true
     0 | D:1      | 0 ||| qw: Lair rune preference: random
     0 | D:1      | 0 ||| qw: Plans: Normal
     0 | D:1      | 0 ||| PLANNING D:1-11
   107 | D:1      | Reached XP level 2. HP: 9/16 MP: 4/4
   111 | D:1      | Reached skill level 6 in Ranged Weapons
   652 | D:1      | Reached XP level 3. HP: 20/20 MP: 5/5
   800 | D:1      | 800 ||| UPGRADING to +0 ring mail.
   810 | D:1      | 810 ||| DROPPING +0 leather armour.
   811 | D:1      | 811 ||| UPGRADING to +2 pair of boots.
   816 | D:1      | 816 ||| READING 2 scrolls labelled GEUDUI MUESEOF.
   817 | D:1      | 817 ||| READING 2 scrolls labelled VALAYF EPHU.
   820 | D:1      | 820 ||| READING scroll labelled WINIMO UTAMEWE.
   821 | D:1      | 821 ||| READING scroll labelled TYTRUL LOUPRUS.
   822 | D:1      | 822 ||| DROPPING scroll of butterflies.
   843 | D:2      | Found an iron altar of Okawaru.
   844 | D:2      | 844 ||| PLANNING OKAWARU WORSHIP
   851 | D:2      | Became a worshipper of Warmaster Okawaru
   852 | D:2      | 852 ||| PLANNING D:1-11
  1055 | D:2      | Reached skill level 7 in Ranged Weapons
  1663 | D:2      | 1663 ||| READING 3 scrolls of identify.
  1663 | D:2      | 1663 ||| IDENTIFYING green potion
  1664 | D:2      | 1664 ||| READING 2 scrolls of identify.
  1664 | D:2      | 1664 ||| IDENTIFYING fizzy red potion
  1762 | D:3      | 1762 ||| Stepping ~*~*~tactically~*~*~ (outnumbered).
  1764 | D:3      | 1764 ||| Stepping ~*~*~tactically~*~*~ (outnumbered).
  1766 | D:3      | 1766 ||| Stepping ~*~*~tactically~*~*~ (outnumbered).
  1769 | D:3      | 1769 ||| DRINKING potion of curing.
  1769 | D:3      | 1769 ||| (to cure confusion)
  1773 | D:3      | HP: 2/20 [orc wizard/+0 dagger (4)]
  1774 | D:3      | Killed from afar by an orc wizard

Levels and vault maps discovered:
D:1:      lemuel_arrival_rhombus, layout_basic
D:2:      layout_loops_corners, basic_altar
D:3:      layout_basic, zin_academy, old_standard_altar,
          chequers_ecumenical_altar_island

Skill      XL: |  1  2  3 |
---------------+----------+-----
Ranged Weapons | 6 7 |  7.4
Fighting       | |  1.5
Dodging        | |  2.4
Stealth        | |  1.2

Action                     || total
---------------------------++-------
   Fire: Shortbow          ||   155
    Use: Scroll            ||     6
         Potion            ||     1
 Armour: Leather armour    ||    10
         Ring mail         ||    29
  Dodge: Dodged            ||    67

Table legend:
 A = Non-vault XP
 B = Vault XP
 C = Vault XP percentage of total XP
 D = Non-vault monster count
 E = Vault monster count
 F = Vault count percentage of total count
                 A         B        C        D         E       F
            +---------+---------+-------+---------+---------+-------
      Total |      96 |       0 |   0.0 |      45 |       0 |   0.0
            +---------+---------+-------+---------+---------+-------
        D:1 |      43 |       0 |   0.0 |      25 |       0 |   0.0
        D:2 |      50 |       0 |   0.0 |      18 |       0 |   0.0
        D:3 |       3 |       0 |   0.0 |       2 |       0 |   0.0
            +---------+---------+-------+---------+---------+-------
